 Dungeon Crawl Stone Soup version 0.25.1-2-g60ff931df9 (webtiles) character file.

Game seed: 6036909947267337401

189 McKennaii the Shield-Bearer (level 5, -4/49 HPs)
             Began as a Gargoyle Fighter on Oct 19, 2020.
             Slain by weresquid's ghost (8 damage)
             ... on level 2 of the Dungeon.
             The game lasted 00:05:16 (3442 turns).

McKennaii the Shield-Bearer (Gargoyle Fighter)      Turns: 3442, Time: 00:05:17

Health: -4/49      AC: 17    Str: 21    XL:     5   Next: 68%
Magic:  5/5        EV:  5    Int:  8    God:
Gold:   154        SH: 14    Dex:  9    Spells: 4/4 levels left

rFire    . . .     SeeInvis .   a - +0 flail
rCold    + . .     Gourm    .   c - +0 kite shield
rNeg     + . .     Faith    .   q - +0 chain mail
rPois    ∞         Spirit   .   r - +1 helmet
rElec    +         Reflect  +   (no cloak)
rCorr    .         Harm     .   s - +1 pair of gloves
MR       .....                  (no boots)
Stlth    ..........             i - amulet of reflection
HPRegen  0.16/turn              (no ring)
MPRegen  0.09/turn              n - ring of protection from cold

@: berserking (expiring), very quick
A: negative energy resistance 1, electricity resistance, unbreathing,
petrification resistance, rot immunity, AC +4
a: no special abilities


You were on level 2 of the Dungeon.
You were not hungry.

You visited 1 branch of the dungeon, and saw 3 of its levels.

You collected 154 gold pieces.

Inventory:

Hand Weapons
 a - a +0 flail (weapon)
Armour
 c - a +0 kite shield (worn)
 q - a +0 chain mail (worn)
 r - a +1 helmet (worn)
 s - a +1 pair of gloves (worn)
Jewellery
 i - an amulet of reflection (around neck)
 n - a ring of protection from cold (right hand)
Scrolls
 e - 4 scrolls of identify
 h - 3 scrolls of remove curse
 l - a scroll of fear {unknown}
 o - 4 scrolls of enchant armour {unknown}
Potions
 d - 3 potions of might
 j - a potion of stabbing
 k - a potion of cancellation {unknown}
 m - a potion of flight {unknown}
Comestibles
 f - 5 rations


   Skills:
 + Level 3.9 Fighting
 + Level 3.6 Maces & Flails
 + Level 4.1 Armour
 + Level 4.8 Shields


You had 4 spell levels left.
You didn't know any spells.
Your spell library was empty.

Dungeon Overview and Level Annotations

Branches:
Dungeon (3/15)

Altars:
Nemelex Xobeh
Wu Jian

Annotations:
D:2 weresquid's ghost, amateur GnGl


Innate Abilities, Weirdness & Mutations

You are resistant to torment.
Your stone body is resilient. (AC +4)
You are immune to poison.
You resist negative energy. (rN+)
You are resistant to electric shocks. (rElec)
You can survive without breathing.
You are immune to petrification.
You are immune to rotting.


Message History

You block weresquid's ghost's attack.
You miss weresquid's ghost.
Weresquid's ghost is severely damaged.
Weresquid's ghost hits you but does no damage.
You closely miss weresquid's ghost.
Weresquid's ghost is severely damaged.
Weresquid's ghost hits you but does no damage.
You closely miss weresquid's ghost.
Weresquid's ghost is severely damaged.
You block weresquid's ghost's attack.
You closely miss weresquid's ghost.
Weresquid's ghost is severely damaged.
You block weresquid's ghost's attack.
Your shield and chain mail prevent you from hitting weresquid's ghost.
Weresquid's ghost is severely damaged.
Weresquid's ghost hits you but does no damage.
You miss weresquid's ghost.
Weresquid's ghost is severely damaged.
Weresquid's ghost hits you!
You die...

#.# #...# #.....# #.# #...#
#.###.# #.# #...# #.# #.# #.#
#...# #.# #)# #<# #...###########
#.###.### ..# #.............#
#.#......
#'######.............####.#.#.###
................W....'....#.#.#
....#...........@....######.#.#
....#........########### #.#.#
#####........# #.....####.#.###
#.......[# #.....'(...#....
#........#####.....#.########
#...............#..#().)))...
#####..)............#..#)######).
.......................#.#.......
.......................#)#.......


You could see weresquid's ghost.

Vanquished Creatures
  Robin (D:2)
  7 adders
  A dart slug (D:2)
  7 leopard geckos
  8 orcs (D:3)
  7 bats
  7 giant cockroaches
  17 goblins
  10 hobgoblins
  6 jackals (D:1)
  7 kobolds
  A quokka (D:3)
  2 ball pythons
  3 frilled lizards
  11 rats
95 creatures vanquished.

Notes
Turn   | Place    | Note
-------+----------+-------------------------------------------
     0 | D:1      | McKennaii the Gargoyle Fighter began the quest for the Orb.
     0 | D:1      | Reached XP level 1. HP: 14/14 MP: 1/1
   163 | D:1      | Reached XP level 2. HP: 19/19 MP: 2/2
   513 | D:1      | Reached XP level 3. HP: 22/23 MP: 3/3
  1075 | D:2      | Reached XP level 4. HP: 24/29 MP: 4/4
  1155 | D:2      | Noticed Robin
  1214 | D:2      | Killed Robin
  1523 | D:2      | Found an ornate altar of the Wu Jian Council.
  1723 | D:2      | Reached XP level 5. HP: 33/33 MP: 5/5
  2114 | D:2      | Found a sparkling altar of Nemelex Xobeh.
  2494 | D:3      | Found a runed translucent door.
  2512 | D:3      | Noticed weresquid's ghost (amateur GnGl)
  3442 | D:2      | Slain by weresquid's ghost

Illustrated notes

Levels and vault maps discovered:
D:1:      erik_arrival_cave_to_civilisation [erik_arrival_cave_to_temple],
          layout_basic, minmay_3d_cube
D:2:      layout_basic, old_standard_altar, minmay_misc_feat_doors,
          nemelex_spade_bored_becter, uniq_robin
D:3:      layout_loops_ring, first_ration, hellmonk_ghost_happy_afterlife,
          hangedman_decor_peaks_small, minmay_shallow_snake_nest

Skill      XL: |  1  2  3  4  5 |
---------------+----------------+-----
Shields        | 4 |  4.8
Maces & Flails | 3 |  3.6
Armour         | 4 |  4.1
Fighting       | |  3.9

Action                   |  1- 3 |  4- 6 || total
-------------------------+-------+-------++-------
Melee: Flail             |   115 |   278 ||   393
  Use: Scroll            |       |     3 ||     3
       Potion            |       |     2 ||     2
  Eat: Chunk             |       |     9 ||     9
Armor: Scale mail        |    60 |   114 ||   174
       Chain mail        |       |    36 ||    36
Dodge: Dodged            |    29 |    64 ||    93
Block: Kite shield       |    85 |   282 ||   367
       Reflection        |     2 |     3 ||     5
